 Dungeon Crawl Stone Soup version 0.26.0-18-gc5c842f807 (webtiles) character file.

Game seed: 1002470233940695793

130 canine the Covert (level 5, -2/47 HPs)
             Began as a Gnoll Delver on Jan 24, 2021.
             Slain by Menkaure (20 damage)
             ... on level 4 of the Dungeon.
             The game lasted 00:00:48 (655 turns).

canine the Covert (Gnoll Delver)                     Turns: 655, Time: 00:00:48

Health: -2/47      AC:  6    Str: 16    XL:     5   Next: 13%
Magic:  7/7        EV: 12    Int: 12    God:
Gold:   0          SH:  0    Dex: 16    Spells: 6/6 levels left

rFire    . . .     SeeInvis .   a - +0 mace
rCold    . . .     Faith    .   (no shield)
rNeg     . . .     Spirit   .   i - +0 scale mail
rPois    .         Reflect  .   (no helmet)
rElec    .         Harm     .   (no cloak)
rCorr    .         Rampage  .   (no gloves)
Will     .....                  (no boots)
Stlth    +++.......             (no amulet)
HPRegen  0.15/turn              (no ring)
MPRegen  0.10/turn              (no ring)

@: no status effects
A: distributed training, fangs 1, strong nose
a: no special abilities


You were on level 4 of the Dungeon.
You visited 1 branch of the dungeon, and saw 2 of its levels.

Inventory:

Hand Weapons
 a - a +0 mace (weapon)
Armour
 i - a +0 scale mail (worn)
Wands
 g - a wand of digging (3)
Scrolls
 c - a scroll of fog
 d - a scroll of magic mapping
 e - a scroll of fear
Potions
 b - a potion of might {unknown}
 f - a potion of haste
 h - 2 potions of attraction {unknown}


   Skills:
 + Level 6.6 Fighting
 + Level 1.3 Short Blades
 + Level 1.3 Long Blades
 + Level 1.3 Axes
 + Level 4.7 Maces & Flails
 + Level 1.3 Polearms
 + Level 1.3 Staves
 + Level 1.3 Slings
 + Level 1.3 Bows
 + Level 1.3 Crossbows
 + Level 1.3 Throwing
 + Level 1.3 Armour
 + Level 4.7 Dodging
 + Level 9.6 Stealth
 + Level 1.3 Shields
 + Level 1.3 Unarmed Combat
 + Level 1.3 Spellcasting
 + Level 1.1 Conjurations
 + Level 1.1 Hexes
 + Level 1.1 Summonings
 + Level 1.1 Necromancy
 + Level 1.1 Translocations
 + Level 1.1 Transmutations
 + Level 1.1 Fire Magic
 + Level 1.1 Ice Magic
 + Level 1.1 Air Magic
 + Level 1.1 Earth Magic
 + Level 1.1 Poison Magic
 + Level 1.5 Invocations
 + Level 1.3 Evocations


You had 6 spell levels left.
You didn't know any spells.
Your spell library was empty.

Dungeon Overview and Level Annotations

Branches:
Dungeon (5/15)
 Temple: D:4-7

Altars:

Annotations:
D:4 Menkaure
D:5 Edmund


Innate Abilities, Weirdness & Mutations

Your experience applies equally to all skills.
You have very sharp teeth.
Your uncanny sense of smell can sniff out nearby items.


Message History

Magic restored.
You start resting.
HP restored.
A jackal comes into view.
A jackal comes into view.
You hit Menkaure.
Menkaure is moderately damaged.
Menkaure calls on the powers of darkness!
The jackal convulses!
Your body is wracked with pain!
* * * LOW HITPOINT WARNING * * *
The jackal convulses!
The jackal barks!
You hit Menkaure.
Menkaure is heavily damaged.
Menkaure hits you!
* * * LOW HITPOINT WARNING * * *
You barely miss Menkaure.
Menkaure is heavily damaged.
Menkaure hits you!!
You die...

###.## #.####.##.#
##.#..# #.........##
####...#.####.........##
+......?................
####....#####.###.....##
##.#.# #.# #...#.##
###.# #.# ##.#..†. #.#
#.####.#..## #@#
#.........# #M#
###......### #h#
#.##.#.# # #h# #. #.#.#
# #.# #.#.### #.#
#...... ∆ ..# ###...)
### #.### ...#


You could see Menkaure and 2 jackals.

Vanquished Creatures
  A sky beast (D:4)
  A worker ant (D:4)
  A leopard gecko (D:4)
  6 orcs (D:4)
9 creatures vanquished.

Notes
Turn   | Place    | Note
-------+----------+-------------------------------------------
     0 | D:5      | Reached skill level 9 in Stealth
     0 | D:5      | canine the Gnoll Delver began the quest for the Orb.
     0 | D:5      | Reached XP level 1. HP: 23/23 MP: 1/1
     0 | D:5      | Noticed an orc wizard
     1 | D:5      | Noticed an orc wizard
     1 | D:5      | Noticed an orc wizard
     3 | D:5      | Noticed an orc wizard
    53 | D:5      | Noticed Edmund
    70 | D:4      | Noticed a worker ant
   134 | D:4      | Reached XP level 2. HP: 19/29 MP: 2/2
   339 | D:4      | Reached skill level 1 in Invocations
   339 | D:4      | Reached XP level 3. HP: 29/35 MP: 2/4
   464 | D:4      | Noticed Menkaure
   464 | D:4      | Noticed a sky beast
   479 | D:4      | Killed a sky beast
   480 | D:4      | Reached skill level 1 in Short Blades
   480 | D:4      | Reached skill level 1 in Long Blades
   480 | D:4      | Reached skill level 1 in Axes
   480 | D:4      | Reached skill level 1 in Polearms
   480 | D:4      | Reached skill level 1 in Staves
   480 | D:4      | Reached skill level 1 in Slings
   480 | D:4      | Reached skill level 1 in Bows
   480 | D:4      | Reached skill level 1 in Crossbows
   480 | D:4      | Reached skill level 1 in Throwing
   480 | D:4      | Reached skill level 1 in Armour
   480 | D:4      | Reached skill level 1 in Shields
   480 | D:4      | Reached skill level 1 in Unarmed Combat
   480 | D:4      | Reached skill level 1 in Spellcasting
   480 | D:4      | Reached skill level 1 in Conjurations
   480 | D:4      | Reached skill level 1 in Hexes
   480 | D:4      | Reached skill level 1 in Summonings
   480 | D:4      | Reached skill level 1 in Necromancy
   480 | D:4      | Reached skill level 1 in Translocations
   480 | D:4      | Reached skill level 1 in Transmutations
   480 | D:4      | Reached skill level 1 in Fire Magic
   480 | D:4      | Reached skill level 1 in Ice Magic
   480 | D:4      | Reached skill level 1 in Air Magic
   480 | D:4      | Reached skill level 1 in Earth Magic
   480 | D:4      | Reached skill level 1 in Poison Magic
   480 | D:4      | Reached skill level 1 in Evocations
   480 | D:4      | Reached XP level 4. HP: 19/41 MP: 4/6
   480 | D:4      | Reached XP level 5. HP: 22/47 MP: 4/7
   655 | D:4      | Slain by Menkaure

Illustrated notes

Levels and vault maps discovered:
D:4:      layout_loops_corners, uniq_eustachio, uniq_menkaure
D:5:      layout_basic, marbit_many_paths, lemuel_zombie_altar_yredelemnul,
          kennysheep_path_1, serial_park_tiny_2,
          minmay_a_box_with_orc_wizards_in_it, uniq_edmund

Skill      XL: |  1  2  3 |
---------------+----------+-----
Stealth        | |  9.6
Invocations    | 1 |  1.5
Short Blades   | 1 |  1.3
Long Blades    | 1 |  1.3
Axes           | 1 |  1.3
Polearms       | 1 |  1.3
Staves         | 1 |  1.3
Slings         | 1 |  1.3
Bows           | 1 |  1.3
Crossbows      | 1 |  1.3
Throwing       | 1 |  1.3
Armour         | 1 |  1.3
Shields        | 1 |  1.3
Unarmed Combat | 1 |  1.3
Spellcasting   | 1 |  1.3
Conjurations   | 1 |  1.1
Hexes          | 1 |  1.1
Summonings     | 1 |  1.1
Necromancy     | 1 |  1.1
Translocations | 1 |  1.1
Transmutations | 1 |  1.1
Fire Magic     | 1 |  1.1
Ice Magic      | 1 |  1.1
Air Magic      | 1 |  1.1
Earth Magic    | 1 |  1.1
Poison Magic   | 1 |  1.1
Evocations     | 1 |  1.3
Fighting       | |  6.6
Maces & Flails | |  4.7
Dodging        | |  4.7

Action                   |  1- 3 |  4- 6 || total
-------------------------+-------+-------++-------
Melee: Mace              |    36 |     3 ||    39
       Bite              |     4 |       ||     4
Armor: Scale mail        |    11 |       ||    11
Dodge: Dodged            |    20 |       ||    20
